 Dungeon Crawl Stone Soup version 0.30.0-11-gf55b779eaf (webtiles) character file.

Game seed: 4606011433334096749

28 dolemite99 the Magician (level 3, 0/25 HPs)
             Began as a Djinni Conjurer on May 17, 2023.
             Slain by an endoplasm (1 damage)
             ... on level 1 of the Dungeon.
             The game lasted 00:00:56 (1041 turns).

dolemite99 the Magician (Djinni Conjurer)           Turns: 1041, Time: 00:00:56

Health: 0/25       AC:  2    Str:  6    XL:     3   Next: 27%
Gold:   36         EV: 12    Int: 21    God:
                   SH:  0    Dex: 11

rFire   + + .        a - +0 sling
rCold   x . .        (no shield)
rNeg    . . .        d - +0 robe
rPois   ∞            (no helmet)
rElec   .            (no cloak)
rCorr   +            (no gloves)
SInv    .            (boots unavailable)
Will    .....        (no amulet)
Stlth   ++           f - ring of resist corrosion
HPRegen 0.24/turn    (no ring)
MPRegen 0.00/turn

%: infuse magic (-1 HP)
@: flying
A: sickness immunity, fire resistance 2, cold vulnerability 1, float, innate
caster, HP casting, extra vitality 1
a: no special abilities


You were on level 1 of the Dungeon.
You visited 1 branch of the dungeon, and saw 1 of its levels.

You collected 36 gold pieces.

Inventory:

Hand Weapons
 a - a +0 sling (weapon)
Missiles
 b - 6 poisoned darts
Armour
 d - a +0 robe (worn)
Jewellery
 f - a ring of resist corrosion (left hand)
Scrolls
 c - a scroll of summoning {unknown}
 e - 3 scrolls of identify {unknown}


   Skills:
 - Level 2.1 Dodging
 - Level 1.5 Stealth
 + Level 4.0 Spellcasting


You knew the following spells:

 Your Spells              Type           Power      Damage    Failure   Level
a - Magic Dart            Conj           84%        1d7       2%          1
b - Searing Ray           Conj           42%        2d6       3%          2
c - Dazzling Flash        Conj/Hex       42%        N/A       7%          3
d - Fulminant Prism       Conj/Hex       10%        3d9       22%         4
e - Iskenderun's Mystic   Conj/Tloc      21%        2d6       22%         4
f - Sandblast             Erth           42%        2d11      2%          1
Your spell library was empty.

Dungeon Overview and Level Annotations

Branches:
Dungeon (1/15)

Altars:


Innate Abilities, Weirdness & Mutations

You are immune to sickness and miasma.
You are immune to poison.
Your flesh is very heat resistant. (rF++)
You are vulnerable to cold. (rC-)
You float through the air rather than walking.
You learn spells naturally, not from books.
Your magical power is your life essence.
You have superior vitality. (+4 MHP)


Message History

The goblin is heavily wounded.
The endoplasm hits you. The goblin hits you with a +0 dagger.
Casting: Magic Dart (safe; 2% risk of failure)
Confirm with . or Enter, or press ? or * to list all spells.
Aiming: Magic Dart (safe; 2% risk of failure)
Press: ? - help, Shift-Dir - straight line, f/p - goblin
Aim: a goblin, wielding a +0 dagger (moderately wounded, 100% to hit)
The magic dart hits the goblin.
You kill the goblin!
The endoplasm hits you but does no damage.
Your Spellcasting skill increases to level 4!
Casting: Magic Dart (safe; 2% risk of failure)
Confirm with . or Enter, or press ? or * to list all spells.
Aiming: Magic Dart (safe; 2% risk of failure)
Press: ? - help, Shift-Dir - straight line, f - endoplasm
Aim: an endoplasm (100% to hit)
The magic dart hits the endoplasm.
The endoplasm is moderately wounded.
The ball python closely misses you. The ball python grabs you.
The ball python constricts you. The endoplasm hits you.
The ball python barely misses you. The ball python constricts you.
The ball python's grasp on you weakens, but your attempt to escape fails.
The ball python barely misses you. The ball python constricts you.
The endoplasm barely misses you.
You escape the ball python's grasp.
The endoplasm freezes you.
You are frozen!
You feel a terrible chill!
* * * LOW HITPOINT WARNING * * *
You aren't carrying any potions.
Unknown command.
Casting: Magic Dart (safe; 2% risk of failure)
Confirm with . or Enter, or press ? or * to list all spells.
Aiming: Magic Dart (safe; 2% risk of failure)
Press: ? - help, Shift-Dir - straight line, f/p - endoplasm
Aim: an endoplasm (moderately wounded, 100% to hit)
The magic dart hits the ball python!
You kill the ball python!
* * * LOW HITPOINT WARNING * * *
The endoplasm attacks as you move away! The endoplasm hits you.
You die...

.......###.#####....###.###......
.......# #.# ####..............
.......# #.# ##............#
.......# #.# #...........)#
.......# #.# #............#
.......# #.# ####.#######.#
######## #.####### #.# #####..
#####.##.†J.# #.# #......
........)##@# #.# #......
...!......#.######.###......
..........#.#........#......
#....∩.$..#.#........#......
#.###.._..#.#........#...... #
#⌠....#.#........#......
##.#..#.#........####### #.
..#.#........# #.#........#


You could see an endoplasm.

Vanquished Creatures
  A dart slug (D:1)
  3 endoplasms (D:1)
  A giant cockroach (D:1)
  2 goblins (D:1)
  2 hobgoblins (D:1)
  2 kobolds (D:1)
  2 quokkas (D:1)
  3 ball pythons (D:1)
  3 bats (D:1)
  A frilled lizard (D:1)
  4 rats (D:1)
24 creatures vanquished.

Notes
Turn   | Place    | Note
-------+----------+-------------------------------------------
     0 | D:1      | dolemite99 the Djinni Conjurer began the quest for the Orb.
     0 | D:1      | dolemite99 set off with the following spells memorised:
                  | Magic Dart, Searing Ray, Dazzling Flash, Fulminant Prism,
                  | Iskenderun's Mystic Blast.
     0 | D:1      | Reached XP level 1. HP: 15/15 MP: 0/0
   521 | D:1      | Reached XP level 2. HP: 19/21 MP: 0/0
   854 | D:1      | Reached XP level 3. HP: 20/25 MP: 0/0
   854 | D:1      | Learned a level 1 spell: Sandblast
  1028 | D:1      | Found a faded altar of an unknown god.
  1034 | D:1      | Reached skill level 4 in Spellcasting
  1041 | D:1      | Slain by an endoplasm

Illustrated notes

Levels and vault maps discovered:
D:1:      minmay_arrival_stair_chambers, layout_basic,
          ebering_ecumenical_altar_abandoned

Skill      XL: |  1  2  3 |
---------------+----------+-----
Spellcasting   | 4 |  4.0
Dodging        | |  2.1
Stealth        | |  1.5

Action                     || total
---------------------------++-------
   Fire: Sling             ||    35
   Cast: Magic Dart        ||    34
 Armour: Robe              ||     8
  Dodge: Dodged            ||    26
